 Dungeon Crawl Stone Soup version 0.32-a0-21-gdaabb59 (webtiles) character file.

Game seed: 14406619747989403641

3827740 dilly the Imperceptible (level 27, 76/170 HPs)
             Began as a Kobold Alchemist on Jan 13, 2024.
             Was a High Priest of Ashenzari.
             Escaped with the Orb
             ... and 5 runes
             ... and 4 gems on Jan 17, 2024!
             The game lasted 01:50:12 (61610 turns).

dilly the Imperceptible (Kobold Alchemist)         Turns: 61610, Time: 01:50:13

Health: 76/170     AC: 14    Str: 11    XL:     27
Magic:  42/42      EV: 47    Int: 20    God:    Ashenzari [*****.]
Gold:   7733       SH: 12    Dex: 30    Spells: 11/56 levels left

rFire   + + +        a - +9 quick blade "Circumscribed Adversity" {spect, Sorc, Dev} (curse)
rCold   . . .        A - +1 buckler of the Fated Inaction {rN+, Sorc, Bglg} (curse)
rNeg    + + .        Y - +3 troll leather armour "At What Cost Knowledge?" {Regen+, Cun, Comp} (curse)
rPois   +            n - +0 hat of Ashenzari's Jealousy {^Contam rF+++ Regen+ Str-3, Range, Melee} (curse)
rElec   .            m - scarf of the Sidereal Augur {shadows, +Inv Int+2, Self, Bglg} (curse)
rCorr   .            x - +2 pair of gloves of Ashenzari's Oracle {Str+5, Cun, Fort} (curse)
SInv    +            Z - +2 pair of boots of the Bound Adversity {rampage, Bglg, Dev} (curse)
Will    +++..        X - amulet of Ashenzari's Anxiety {Regen+, Dev, Fort} (curse)
Stlth   ++++         k - ring "Migema" {rPois rN+ Will+}
HPRegen 2.88/turn    S - ring of Ashenzari's Hedonism {Dex+6, Fort, Cun} (curse)
MPRegen 0.28/turn

%: clarity, rampage
@: mildly poisoned (76 -> 76), very slightly contaminated, studying 2 skills
A: small, no large weapons, nightstalker 3, horns 1, evolution 1
0: Orb of Zot
}: 5/15 runes: decaying, slimy, silver, golden, gossamer
a: Renounce Religion, Evoke Invisibility, Curse Item, Shatter the Chains


You escaped.
You worshipped Ashenzari.
Ashenzari was extremely pleased with you.
You visited 13 branches of the dungeon, and saw 59 of its levels.
You also visited: Trove, Bailey, Ice Cave and Wizlab.

You collected 10410 gold pieces.
You spent 2677 gold pieces at shops.

Inventory:

Hand Weapons
 a - the cursed +9 quick blade "Circumscribed Adversity" (weapon) {spect, Sorc, Dev}
   (You acquired it on level 1 of the Elven Halls)

   It has a curse which improves the following skills: Sorcery: Conjurations and
   Alchemy.
   Devices:   Evocations and Shapeshifting.
Missiles
 d - a throwing net (quivered)
 e - 12 curare-tipped darts
 G - 2 atropa-tipped darts
 P - 8 datura-tipped darts
Armour
 m - the cursed scarf of the Sidereal Augur (worn) {shadows, +Inv Int+2, Self, Bglg}
   (You acquired it on level 4 of the Dungeon)

   Int+2:     It affects your intelligence (+2).
   +Inv:      It lets you turn invisible.
   It has a curse which improves the following skills: Introspection: Fighting
   and Spellcasting.
   Beguiling: Hexes and Translocations.
 n - the cursed +0 hat of Ashenzari's Jealousy (worn) {^Contam rF+++ Regen+ Str-3, Range, Melee}
   (You found it on level 4 of the Spider Nest)

   Str-3:     It affects your strength (-3).
   rF+++:     It renders you almost immune to fire.
   ^Contam:   It causes magical contamination when unequipped.
   Regen+:    It increases your rate of health regeneration.
   It has a curse which improves the following skills: Ranged Combat: Ranged
   Weapons and Throwing.
   Melee Combat: Short Blades, Long Blades, Axes, Maces & Flails, Polearms,
   Staves and Unarmed Combat.
 u - the +9 kite shield of the Evening Star {rCorr Str-3 Int+5}
   (You found it on level 5 of the Vaults)

   Str-3:     It affects your strength (-3).
   Int+5:     It affects your intelligence (+5).
   rCorr:     It protects you from acid and corrosion.
 x - the cursed +2 pair of gloves of Ashenzari's Oracle (worn) {Str+5, Cun, Fort}
   (You took it off Nikola on level 4 of the Swamp)

   Str+5:     It affects your strength (+5).
   It has a curse which improves the following skills: Cunning: Dodging and
   Stealth.
   Fortitude: Armour and Shields.
 A - the cursed +1 buckler of the Fated Inaction (worn) {rN+, Sorc, Bglg}
   (You found it on level 5 of the Pits of Slime)

   It has a curse which improves the following skills: Sorcery: Conjurations and
   Alchemy.
   Beguiling: Hexes and Translocations.
 Y - the cursed +3 troll leather armour "At What Cost Knowledge?" (worn) {Regen+, Cun, Comp}
   (You found it on level 14 of the Dungeon)

   Regen+:    It increases your rate of health regeneration.
   It has a curse which improves the following skills: Cunning: Dodging and
   Stealth.
   Companions: Summonings and Necromancy.
 Z - the cursed +2 pair of boots of the Bound Adversity (worn) {rampage, Bglg, Dev}
   (You found it on level 12 of the Dungeon)

   It has a curse which improves the following skills: Beguiling: Hexes and
   Translocations.
   Devices:   Evocations and Shapeshifting.
Jewellery
 c - the ring of Lablatwoe {rCorr EV+5}
   (You found it on level 5 of the Pits of Slime)

   [ring of evasion]

   EV+5:      It affects your evasion (+5).
   rCorr:     It protects you from acid and corrosion.
 k - the ring "Migema" (left hand) {rPois rN+ Will+}
   (You acquired it in a wizard's laboratory)

   [ring of willpower]

   rPois:     It protects you from poison rN+: It protects you from negative
   energy.
   Will+:     It increases your willpower.
 z - the ring of the Fifty Queens {rElec rN+++ Will+ Str-4 Dex-2}
   (You found it on level 13 of the Dungeon)

   [ring of willpower]

   Str-4:     It affects your strength (-4).
   Dex-2:     It affects your dexterity (-2).
   rElec:     It insulates you from electricity.
   rN+++:     It renders you almost immune to negative energy.
   Will+:     It increases your willpower.
 B - the ring "Ifeosa" {rElec rF+ Int+2}
   (You acquired it on level 14 of the Dungeon)

   [ring of protection from fire]

   Int+2:     It affects your intelligence (+2).
   rF+:       It protects you from fire.
   rElec:     It insulates you from electricity.
 I - the ring "Tuetuq" {rC+ Str+6}
   (You found it in an ice cave)

   [ring of protection from cold]

   Str+6:     It affects your strength (+6).
   rC+:       It protects you from cold.
 S - the cursed ring of Ashenzari's Hedonism (right hand) {Dex+6, Fort, Cun}
   (You took it off a human on level 13 of the Dungeon)

   [ring of dexterity]

   Dex+6:     It affects your dexterity (+6).
   It has a curse which improves the following skills: Fortitude: Armour and
   Shields.
   Cunning:   Dodging and Stealth.
 W - the ring "Abiryrph" {Fly Str+6}
   (You found it on level 5 of the Pits of Slime)

   [ring of flight]

   Str+6:     It affects your strength (+6).
   Fly:       It grants you flight.
 X - the cursed amulet of Ashenzari's Anxiety (around neck) {Regen+, Dev, Fort}
   (You bought it in a shop on level 12 of the Dungeon)

   [amulet of regeneration]

   Regen+:    It increases your rate of health regeneration.
   It has a curse which improves the following skills: Devices: Evocations and
   Shapeshifting.
   Fortitude: Armour and Shields.
Wands
 h - a wand of acid (21)
 i - a wand of roots (89)
 j - a wand of paralysis (57)
 w - a wand of digging (21)
Scrolls
 b - 2 scrolls of immolation
 p - 4 scrolls of summoning
 q - 4 scrolls of revelation
 r - 12 scrolls of teleportation
 v - 9 scrolls of vulnerability
 K - 7 scrolls of fog
 Q - 5 scrolls of enchant armour
 R - 9 scrolls of fear
 T - 4 scrolls of blinking
Potions
 f - 4 potions of attraction
 g - 10 potions of might
 l - 3 potions of haste
 o - 3 potions of cancellation
 C - 11 potions of heal wounds
 D - 5 potions of resistance
 E - 20 potions of curing
 H - 5 potions of invisibility
 J - 8 potions of mutation
 L - 5 potions of enlightenment
 M - 13 potions of ambrosia
 O - 8 potions of magic
 V - 2 potions of brilliance
Miscellaneous
 s - a figurine of a ziggurat
 t - a box of beasts
 y - a tin of tremorstones (2/2)
 F - a phial of floods
 N - a lightning rod (4/4)
 U - a phantom mirror


   Skills:
 + Level 14.8(16.8) Fighting
 - Level 15.3(17.4) Short Blades
 - Level 9.8(12.0) Throwing
 - Level 7.0(11.1) Armour
 - Level 23.3(27) Dodging
 - Level 23.3(27) Stealth
 + Level 13.2(17.3) Shields
 - Level 12.9(15.0) Spellcasting
 - Level 9.8(13.0) Conjurations
 * Level 19.6(23.5) Hexes
 - Level 5.7(9.8) Translocations
 - Level 5.0 Fire Magic
 - Level 4.0 Ice Magic
 + Level 11.7 Air Magic
 - Level 9.0 Earth Magic
 - Level 9.4(12.6) Alchemy
 + Level 18.5(22.4) Evocations


You had 11 spell levels left.
You knew the following spells:

 Your Spells              Type           Power      Damage    Failure   Level
a - Apportation           Tloc           100%       N/A       1%          1
b - Sting                 Conj/Alch      100%       1d9       1%          1
c - Ignite Poison         Fire/Alch      50%        N/A       1%          4
d - Dazzling Flash        Conj/Hex       100%       N/A       0%          3
e - Irradiate             Conj/Alch      30%        3d21      1%          5
p - Passwall              Erth           50%        N/A       1%          3
r - Passage of Golubria   Tloc           53%        N/A       1%          4
t - Mephitic Cloud        Conj/Alch/Air  60%        N/A       1%          3
w - Olgreb's Toxic Radia  Alch           60%        N/A       1%          4
x - Ensorcelled Hibernat  Hex/Ice        100%       N/A       1%          2
z - Confusing Touch       Hex            83%        N/A       0%          3
B - Blink                 Tloc           100%       N/A       1%          2
S - Silence               Hex/Air        35%        N/A       1%          5
Y - Yara's Violent Unrav  Hex/Alch       36%        3d15      1%          5

Your spell library contained the following spells:

 Spells                   Type           Power      Damage    Failure   Level
 Slow                     Hex            100%       N/A       0%          1
 Sigil of Binding         Hex            83%        N/A       0%          3
 Tukima's Dance           Hex            83%        N/A       0%          3
 Cause Fear               Hex            41%        N/A       0%          4
 Foxfire                  Conj/Fire      100%       2x1d9     1%          1
 Kiss of Death            Conj/Necr      100%       2d13      1%          1
 Magic Dart               Conj           100%       1d8       1%          1
 Sandblast                Erth           100%       2d20      1%          1
 Shock                    Conj/Air       100%       1d9       1%          1
 Cigotuvi's Dreadful Rot  Necr/Alch/Air  94%        N/A       1%          2
 Lesser Beckoning         Tloc           100%       N/A       1%          2
 Mercury Vapours          Alch/Air       100%       N/A       1%          2
 Momentum Strike          Conj/Tloc      100%       3d10      1%          2
 Searing Ray              Conj           100%       2d8       1%          2
 Static Discharge         Conj/Air       100%       3-8/arc   1%          2
 Gell's Gravitas          Tloc           53%        N/A       1%          3
 Hailstorm                Conj/Ice       49%        3d10      1%          3
 Stone Arrow              Conj/Erth      100%       3d13      1%          3
 Swiftness                Air            58%        N/A       1%          3
 Teleport Other           Tloc           53%        N/A       1%          3
 Airstrike                Air            29%        2d(5-21)  1%          4
 Anguish                  Hex/Necr       29%        N/A       1%          4
 Brom's Barrelling Bould  Conj/Erth      56%        2d7       1%          4
 Dimensional Bullseye     Hex/Tloc       34%        N/A       1%          4
 Flame Wave               Conj/Fire      50%        2d12      1%          4
 Fulminant Prism          Conj/Alch      30%        3d16      1%          4
 Leda's Liquefaction      Alch/Erth      27%        N/A       1%          4
 Manifold Assault         Tloc           53%        N/A       1%          4
 Petrify                  Alch/Erth      55%        N/A       1%          4
 Sticky Flame             Fire/Alch      50%        2d9       1%          4
 Vhi's Electric Charge    Tloc/Air       100%       N/A       1%          4
 Alistair's Intoxication  Alch           40%        N/A       1%          5
 Arcjolt                  Conj/Air       29%        1d39      1%          5
 Iskenderun's Battlesphe  Conj           61%        2d11      1%          5
 Metabolic Englaciation   Hex/Ice        31%        N/A       1%          5
 Discord                  Hex            41%        N/A       2%          8
 Frozen Ramparts          Ice            62%        1d10      3%          3
 Ozocubu's Armour         Ice            31%        N/A       3%          3
 Summon Lightning Spire   Summ/Air       39%        N/A       4%          4
 Fireball                 Conj/Fire      25%        3d11      4%          5
 Lee's Rapid Deconstruct  Erth           25%        3d14*     4%          5
 Eringya's Noxious Bog    Alch           30%        4d6       4%          6
 Necrotise                Necr           64%        1d7       5%          1
 Summon Small Mammal      Summ           64%        N/A       5%          1
 Conjure Ball Lightning   Conj/Air       29%        3x3d8     5%          6
 Call Imp                 Summ           32%        N/A       8%          2
 Sublimation of Blood     Necr           16%        N/A       8%          2
 Summon Ice Beast         Ice/Summ       23%        N/A       8%          3
 Bombard                  Conj/Erth      28%        9d5       10%         6
 Call Canine Familiar     Summ           16%        N/A       16%         3
 Fugue of the Fallen      Necr           16%        N/A       16%         3
 Vampiric Draining        Necr           16%        2d7       16%         3
 Dispersal                Tloc           26%        N/A       16%         6
 Summon Blazeheart Golem  Fire/Summ      25%        N/A       21%         4
 Starburst                Conj/Fire      25%        6d8       22%         6
 Borgnjor's Vile Clutch   Necr/Erth      16%        N/A       24%         5
 Orb of Destruction       Conj           30%        9d10      24%         7
 Plasma Beam              Fire/Air       24%        2x1d36    28%         6
 Sculpt Simulacrum        Ice/Alch       24%        N/A       30%         6
 Animate Dead             Necr           16%        N/A       45%         4
 Dispel Undead            Necr           16%        3d10      45%         4
 Martyr's Knell           Necr/Summ      16%        N/A       45%         4
 Curse of Agony           Necr           16%        N/A       82%         5
 Spellforged Servitor     Conj/Summ      20%        N/A       97%         7
 Lehudib's Crystal Spear  Conj/Erth      28%        10d7      99%         8
 Death Channel            Necr           8%         N/A       100%        6
 Haunt                    Necr/Summ      8%         N/A       100%        7
 Monstrous Menagerie      Summ           8%         N/A       100%        7
 Ozocubu's Refrigeration  Ice            15%        4d10      100%        7
 Disjunction              Tloc           26%        N/A       100%        8
 Ignition                 Fire           17%        3d7       100%        8
 Infestation              Necr           8%         N/A       100%        8
 Chain Lightning          Conj/Air       29%        3d39      100%        9
 Dragon's Call            Summ           8%         N/A       100%        9
 Fire Storm               Conj/Fire      25%        8d6       100%        9
 Polar Vortex             Ice            15%        12d2*     100%        9
 Shatter                  Erth           25%        3d21*     100%        9


Dungeon Overview and Level Annotations

Branches:
Dungeon (15/15)            Temple (1/1) D:7            Lair (5/5) D:8
  Swamp (4/4) Lair:2       Spider (4/4) Lair:2        Slime (5/5) Lair:5
    Orc (2/2) D:12            Elf (3/3) Orc:2        Vaults (5/5) D:13
  Crypt (3/3) Vaults:2       Tomb (3/3) Crypt:3      Depths (4/4) D:15
    Zot (5/5) Depths:4     Bailey (visited)           IceCv (visited)
 WizLab (visited)

Altars:
Ashenzari
Cheibriados
Dithmenos
Elyvilon
Fedhas
Gozag
Hepliaklqana
Kikubaaqudgha
Makhleb
Nemelex Xobeh
Okawaru
Qazlal
Ru
Sif Muna
Trog
Uskayaw
Vehumet
Wu Jian
Xom
Yredelemnul
Zin
The Shining One
Jiyva
Lugonu

Shops:
D:9 *   D:10 :   D:12 *(   Orc:2 =*[(   Elf:1 [   Elf:2 (   Elf:3 *
Vaults:1 ?

Portals:
Hell: Depths:1
Abyss: Lair:5 Depths:3
Pandemonium: Depths:3
Ziggurat: Depths:1

Annotations:
D:11 exclusion: ice statue
D:13 exclusion: door
Elf:2 3 runed translucent doors
Depths:2 Boris
Depths:4 2 transporters


Innate Abilities, Weirdness & Mutations

You are small and have problems with some larger weapons.
You are completely attuned to the shadows.
You have a pair of small horns on your head.
You have hidden genetic potential.


Message History

You feel very sick. Daimpebb hits you!!
Your unstable footing causes you to fumble your attack.
Your +9 quick blade "Circumscribed Adversity" {spect, Sorc, Dev} disappears.
You feel very sick. The green death gestures at you.
The poison arrow misses you.
The orange demon is engulfed in mutagenic fog.
You hit Daimpebb. You headbutt Daimpebb. You hit Daimpebb.
You headbutt Daimpebb, but do no damage.
Daimpebb is lightly wounded.
Your +9 quick blade "Circumscribed Adversity" {spect, Sorc, Dev} hits Daimpebb!
Your +9 quick blade "Circumscribed Adversity" {spect, Sorc, Dev} hits Daimpebb but does no damage.
You feel sick. Daimpebb completely misses you.
You hit Daimpebb but do no damage. x2
Daimpebb is lightly wounded.
Your +9 quick blade "Circumscribed Adversity" {spect, Sorc, Dev} hits Daimpebb but does no damage. x2
You feel sick. The orange demon misses you. Daimpebb gestures at you.
You easily resist.
You take 62 damage, and have 108/170 hp.
Your +9 quick blade "Circumscribed Adversity" {spect, Sorc, Dev} disappears.
You feel very sick. Daimpebb gestures at you.
You easily resist.
The green death gestures at you. The bolt of poison misses you.
The orange demon attacks as it pursues you!
The orange demon splashes around in the water.
You feel very sick.
The orange demon is engulfed in mutagenic fog.
The orange demon twists and deforms.
The orange demon closely misses you.
There is a staircase leading out of the dungeon here.
You are engulfed in mutagenic fog.
The mutagenic energy flows into you.
You are very lightly contaminated with residual magic.
You feel sick. Daimpebb hits you!!
The orange demon is engulfed in mutagenic fog.
The orange demon twists and deforms.
The orange demon splashes around in the water.
You have escaped!

#.######## #.........#####
#.# .##
#..#######.#######..# #.# .#
#....####...####....# #.#
### ##.....#..~..#.....##
#.# ..# #8..~....~....~..8#
#.# #.# ##...~..~~~..~...##
#.# #.##
##.....~~~~~~~.....## #.#
...# #....~~~~...~~~~....#
#.# ...#
#..~~~~~.§@§.~~~~~..# #.#
...# #....~~~§§&2~~~~....#
#.# ...##
##.....~4§§§~~.....####.#
##..#
##..§~..~~~..~...####..#
###.##
#8..~.§§§~....~..8##..## #
#..###....§#..~..#.....##.##
#
##.##....####...####......#
###.##..#######.#######...##
#.............)..........)#


You could see Daimpebb (clouds), a green death and an orange demon (misshapen).

Vanquished Creatures
  the Royal Jelly (Slime:5)
  A pandemonium lord (D:5)
  3 dread liches
  4 orbs of fire (Zot:5)
  3 ancient liches
  Khufu (Tomb:1)
  21 royal mummies
  the Lernaean hydra (Swamp:4)
  2 Killer Klowns (Zot:5)
  Saint Roka (Elf:2)
  2 curse toes
  Nikola (Swamp:4)
  3 golden dragons
  A profane servitor (D:7)
  A bone dragon (Depths:4)
  A Tzitzimitl (D:10)
  Arachne (Spider:2)
  An electric golem (Zot:5)
  Jorgrun (Swamp:1)
  6 tentacled monstrosities
  5 liches
  14 Orb Guardians (Zot:5)
  2 deep elf blademasters (Elf:3)
  2 titans (Vaults:5)
  The ghost of hyungi the Executioner, an adept HOFi of the Shining One (Swamp:4)
  2 deep elf master archers (Elf:3)
  11 sphinxes
  A quicksilver dragon (Vaults:5)
  18 acid blobs
  2 Executioners
  A death cob (Zot:5)
  7 ancient champions
  6 shadow dragons
  7 storm dragons
  Agnes (D:15)
  Kirke (D:13)
  7 tengu reavers (Vaults:5)
  6 azure jellies
  A revenant (Tomb:1)
  A draconian monk (Depths:4)
  A fenstrider witch (Swamp:3)
  10 rockslimes (Slime:5)
  2 emperor scorpions (Spider:4)
  6 frost giants
  25 vault wardens
  A caustic shrike zombie (Tomb:3)
  3 deep elf sorcerers (WizLab)
  5 fire giants
  7 deep elf elementalists (Elf:3)
  2 reapers
  2 ghouls (Crypt:3)
  A curse skull (Crypt:3)
  16 very ugly things
  3 orc warlords
  5 ghost moths
  11 stone giants
  4 formless jellyfish
  11 ironbound thunderhulks
  10 quicksilver oozes (Slime:5)
  A juggernaut skeleton (Crypt:3)
  3 spriggan defenders
  3 demonspawn corrupters (WizLab)
  2 broodmothers
  24 ironbound preservers
  2 green draconians (Depths:4)
  4 vampire knights
  4 deep elf demonologists
  4 deep elf annihilators
  4 eleionomae
  A red draconian (Depths:4)
  8 deep elf death magi
  A black draconian (Depths:4)
  2 war gargoyles
  3 bunyips
  The ghost of gb0801 the Fighter, a journeyman DrIE of Ru (Orc:1)
  A white draconian (Depths:4)
  The ghost of Agrajag the Reanimator, a journeyman FeSu of Jiyva (Lair:5)
  12 dire elephants
  Snorg (D:11)
  6 spark wasps
  A yellow draconian (Depths:4)
  12 mummy priests
  2 purple draconians (Depths:4)
  2 merfolk javelineers
  10 ettins
  16 yaktaur captains
  9 fire dragons
  Josephine (D:11)
  A shambling mangrove (Swamp:1)
  A quicksilver dragon zombie (Tomb:3)
  11 vault guards
  6 entropy weavers
  8 great orbs of eyes
  6 deep elf high priests
  26 hydras
  2 rakshasas
  An entropy weaver (shapeshifter) (Lair:5)
  5 ice dragons
  A salamander tyrant (Depths:3)
  A peacekeeper (Vaults:3)
  2 ghost crabs
  2 death knights
  4 ogre magi
  2 catoblepae
  20 centaur warriors
  3 radroaches
  2 spriggan air magi (Depths:2)
  A merfolk aquamancer (WizLab)
  11 boulder beetles
  A spriggan skeleton (Tomb:2)
  12 death scarabs
  8 two-headed ogres
  8 ironbound frosthearts
  5 alligators
  A satyr (shapeshifter) (Vaults:3)
  5 tengu warriors
  Erica (D:9)
  10 deep troll shamans
  5 deep troll earth magi
  7 orc high priests
  A vampire mage (Depths:2)
  3 thrashing horrors (Lair:5)
  30 dancing weapons
  7 demonic crawlers
  2 spriggan berserkers
  11 deep elf knights
  5 occultists
  A fire crab (Lair:5)
  6 iron trolls
  18 skeletal warriors
  A spectral spark wasp (Depths:3)
  5 goliath frogs
  A fire crab (shapeshifter) (Vaults:5)
  5 skysharks
  4 pharaoh ants
  13 deep elf archers
  8 orb spiders
  4 flayed ghosts
  17 arcanists
  4 spriggan druids
  A sun moth (Spider:2)
  A ghost moth zombie (Crypt:3)
  14 swamp dragons
  4 lindwurms
  4 bog bodies
  68 deep trolls
  19 ironbound convokers
  An orange crystal statue (D:13)
  13 orc knights
  27 deep elf pyromancers
  24 deep elf zephyrmancers
  4 steelbarb worms
  7 phantasmal warriors
  4 necromancers
  An oklob plant (Lair:5)
  21 wolf spiders
  9 orc sorcerers
  A manticore (shapeshifter) (Vaults:5)
  6 will-o-the-wisps
  40 ugly things
  2 shining eyes (Slime:5)
  5 manticores
  2 worldbinders (WizLab)
  8 elephants (Lair:4)
  Maurice (D:9)
  A fire giant zombie (Vaults:4)
  11 meliai
  A kobold blastminer (Orc:2)
  A moth of wrath (shapeshifter) (Vaults:5)
  9 moths of wrath
  A stone giant skeleton (Crypt:3)
  13 cyclopes
  A mana viper zombie (Crypt:3)
  2 centaur zombies
  16 vault sentinels
  4 black mambas
  4 torpor snails
  An eye of devastation (Slime:5)
  2 smoke demons
  An unseen horror (D:11)
  A cane toad (shapeshifter) (Elf:1)
  A centaur skeleton (Crypt:3)
  7 large abominations
  A hellion (D:12)
  A rime drake (Lair:3)
  A redback zombie (D:15)
  10 cane toads
  5 komodo dragons
  An efreet (D:15)
  10 ice devils
  2 anaconda simulacra (IceCv)
  2 kobold demonologists
  9 freezing wraiths
  A komodo dragon (shapeshifter) (D:14)
  19 guardian mummies
  28 yaktaurs
  2 tengu conjurers
  An unseen horror skeleton (Crypt:1)
  A polar bear (Lair:3)
  5 trolls
  A bloated husk (Swamp:3)
  A merfolk (shapeshifter) (Vaults:4)
  A queen bee (Lair:5)
  32 tarantellas
  2 tengu simulacra (Vaults:4)
  A wind drake (shapeshifter) (Elf:1)
  27 blink frogs
  A harpy skeleton (Tomb:1)
  5 tyrant leeches
  18 hornets
  A raiju (Lair:5)
  A snapping turtle (shapeshifter) (Vaults:5)
  57 slime creatures
  16 jumping spiders
  A ynoxinul (Lair:5)
  7 spriggans
  5 air elementals
  A shadow (D:15)
  13 culicivoras
  5 vampires
  A water elemental (Elf:2)
  16 humans (D:13)
  A jumping spider (shapeshifter) (Elf:3)
  6 wyverns
  2 ettin skeletons
  11 basilisks
  9 wraiths
  49 yaks
  2 fire elementals
  6 golden eyes (Slime:5)
  A human (shapeshifter) (D:14)
  5 ushabtiu
  4 steam dragons
  2 hogs (D:13)
  4 wargs
  46 redbacks
  4 vampire mosquitoes
  2 harpy simulacra (IceCv)
  5 death yak simulacra
  4 chaos spawn (Lair:5)
  A naga (shapeshifter) (Elf:1)
  9 swamp worms
  2 human zombies (Vaults:4)
  A deep troll zombie (Crypt:3)
  13 water moccasins
  3 hydra simulacra (IceCv)
  4 acid dragons
  An entropy weaver zombie (Crypt:3)
  A naga skeleton (Crypt:3)
  7 swamp drakes
  5 black bears
  A black bear (shapeshifter) (D:14)
  3 sky beasts
  3 ice beasts
  48 orc warriors
  A hornet zombie (D:15)
  9 small abominations
  15 wolves
  9 ogres
  5 centaurs
  A phantom (D:5)
  2 kobold brigands (D:7)
  A gnoll sergeant (D:5)
  2 two-headed ogre simulacra (IceCv)
  14 bullfrogs
  3 earth elementals
  2 necrophages (Crypt:3)
  4 scorpions
  2 cane toad simulacra (IceCv)
  18 wights
  10 killer bees
  7 elephant simulacra
  3 electric eels
  10 howler monkeys
  2 bombardier beetles
  3 hounds
  2 jellies
  2 gnoll boudas
  30 orc priests
  A sleepcap (D:5)
  4 iguanas
  30 orc wizards
  3 polar bear simulacra
  4 hell rats (Lair:4)
  An ice beast zombie (Crypt:3)
  5 wolf simulacra
  22 mummies
  18 gnolls
  2 naga simulacra (IceCv)
  11 adders
  A shadow imp (D:7)
  2 ufetubi (IceCv)
  3 ribbon worms
  3 dart slugs
  95 orcs
  7 ball pythons
  3 endoplasms (D:1)
  5 giant cockroaches
  13 goblins
  3 hobgoblins
  17 jackals
  3 quokkas
  5 bats
  7 frilled lizards
  19 kobolds
  3 rats
  2 butterflies (D:7)
2133 creatures vanquished.

Vanquished Creatures (others)
  A deep elf elementalist (Elf:3)
  A vault guard (Vaults:4)
  A naga warrior (Orc:1)
  A bloated husk (Swamp:2)
  3 humans (D:13)
  An orc warrior (Orc:1)
  3 orcs
  10 foxfires
  37 spectral weapons
58 creatures vanquished.

Grand Total: 2191 creatures vanquished

Notes
Turn   | Place    | Note
-------+----------+-------------------------------------------
     0 | D:1      | dilly the Kobold Alchemist began the quest for the Orb.
     0 | D:1      | Reached XP level 1. HP: 10/10 MP: 3/3
   172 | D:1      | Reached XP level 2. HP: 10/16 MP: 0/5
   369 | D:1      | Reached skill level 1 in Short Blades
   593 | D:1      | Reached XP level 3. HP: 20/20 MP: 6/6
   605 | D:1      | Reached skill level 1 in Fighting
   849 | D:1      | Learned a level 3 spell: Mephitic Cloud
   852 | D:1      | Learned a level 2 spell: Ensorcelled Hibernation
  1416 | D:2      | Reached XP level 4. HP: 25/25 MP: 8/8
  2182 | D:3      | Reached XP level 5. HP: 29/29 MP: 4/9
  2736 | D:3      | Found a glowing golden altar of the Shining One.
  2748 | D:3      | Reached skill level 1 in Hexes
  3191 | D:4      | Reached skill level 1 in Throwing
  3191 | D:4      | Reached skill level 1 in Ice Magic
  3191 | D:4      | Reached XP level 6. HP: 35/35 MP: 10/10
  3210 | D:4      | Noticed an ogre
  3429 | D:4      | Killed an ogre
  3675 | D:4      | Reached XP level 7. HP: 40/40 MP: 9/11
  3799 | D:4      | Learned a level 4 spell: Olgreb's Toxic Radiance
  4220 | D:4      | Identified a scroll of acquirement
  4220 | D:4      | Acquired the scarf of the Unicorn {shadows, +Inv Int+2}
  4266 | D:5      | Entered Level 5 of the Dungeon
  4341 | D:5      | Reached skill level 5 in Stealth
  4643 | D:5      | Reached XP level 8. HP: 33/46 MP: 5/13
  4979 | D:5      | Found a blossoming altar of Fedhas.
  5227 | D:5      | Reached skill level 1 in Fire Magic
  5314 | D:5      | Learned a level 4 spell: Ignite Poison
  5789 | D:6      | Reached XP level 9. HP: 52/52 MP: 15/15
  5884 | D:6      | Reached skill level 1 in Evocations
  6136 | D:6      | Found a shimmering altar of Xom.
  6140 | D:6      | Found a snail-covered altar of Cheibriados.
  6170 | D:6      | Reached skill level 5 in Short Blades
  6170 | D:6      | Reached skill level 5 in Alchemy
  6340 | D:7      | Found a sparkling altar of Nemelex Xobeh.
  6343 | D:7      | Found a staircase to the Ecumenical Temple.
  6494 | Temple   | Entered the Ecumenical Temple
  6506 | Temple   | Became a worshipper of Ashenzari the Shackled
  6711 | D:7      | Identified the +0 cloak of the Barnacle {*Slow rN++}
  6727 | D:7      | Identified the staff "Xuptusm" {rElec rN++ rCorr Air}
  6729 | D:7      | Identified the ring "Juibre" {rC++ Will- SInv}
  6737 | D:7      | Noticed a two-headed ogre
  6913 | D:7      | Learned a level 3 spell: Confusing Touch
  6932 | D:6      | Reached XP level 10. HP: 49/57 MP: 14/17
  7182 | D:7      | Reached skill level 5 in Spellcasting
  7450 | D:7      | Reached skill level 5 in Fighting
  7679 | D:7      | Killed a two-headed ogre
  7808 | D:7      | Found a shimmering blue altar of Sif Muna.
  7824 | D:7      | Found a glowing silver altar of Zin.
  7844 | D:7      | Found a hide-covered altar of Uskayaw.
  7883 | D:7      | Reached skill level 5 in Throwing
  8475 | D:8      | Found a flagged portal.
  8509 | Bailey   | Entered a bailey
  8723 | Bailey   | Noticed an orc warlord
  8735 | Bailey   | Noticed an orc knight
  8844 | Bailey   | Killed an orc knight
  8845 | Bailey   | Reached XP level 11. HP: 46/64 MP: 4/19
  9046 | Bailey   | Found a runed translucent gate.
  9047 | Bailey   | Found a runed translucent gate.
  9048 | Bailey   | Found a runed translucent gate.
  9354 | Bailey   | Killed an orc warlord
  9355 | Bailey   | Reached skill level 1 in Air Magic
  9363 | Bailey   | Reached XP level 12. HP: 69/69 MP: 20/20
  9468 | D:8      | Found a shadowy altar of Dithmenos.
 10256 | D:8      | Found a staircase to the Lair.
 10416 | D:8      | Reached skill level 5 in Hexes
 10594 | D:8      | Reached skill level 5 in Evocations
 10627 | D:8      | Reached * piety under Ashenzari
 11496 | D:9      | Reached ** piety under Ashenzari
 11599 | D:9      | Found Egouvan's General Store.
 11603 | D:9      | Bought a +0 pair of boots for 45 gold pieces
 11603 | D:9      | Bought a scroll of blinking for 75 gold pieces
 11603 | D:9      | Bought a potion of invisibility for 80 gold pieces
 11603 | D:9      | Bought a scroll of teleportation for 30 gold pieces
 11615 | D:9      | Noticed Maurice
 11617 | D:9      | Killed Maurice
 11851 | D:9      | Reached skill level 1 in Shields
 11867 | D:9      | You fall into a shaft and drop 1 floor!
 11867 | D:10     | Entered Level 10 of the Dungeon
 12460 | D:9      | Noticed Erica
 12463 | D:9      | Killed Erica
 12691 | D:10     | Noticed a two-headed ogre
 12697 | D:10     | Killed a two-headed ogre
 12698 | D:10     | Reached skill level 5 in Fire Magic
 12841 | D:10     | Reached XP level 13. HP: 72/75 MP: 9/22
 12939 | D:10     | Found Hudwum's Book Emporium.
 13017 | D:10     | Bought a book of Geomancy for 390 gold pieces
 13021 | D:10     | Learned a level 3 spell: Passwall
 13592 | D:10     | Reached skill level 1 in Earth Magic
 14202 | D:11     | Noticed Josephine
 14289 | D:11     | Killed Josephine
 14822 | D:11     | Found Zyts's General Store.
 14830 | D:11     | Noticed Snorg
 14835 | D:11     | Killed Snorg
 14967 | D:11     | Reached *** piety under Ashenzari
 15335 | D:12     | Found a staircase to the Orcish Mines.
 15345 | D:12     | Found Kocichos's Weapon Emporium.
 15562 | D:12     | Found Plog's General Store.
 15779 | D:12     | Identified the +2 robe of the Arcane {Dex+2}
 15865 | D:12     | Found a transporter.
 16119 | D:12     | Found a transporter.
 16141 | D:12     | Reached skill level 10 in Stealth
 16423 | D:13     | Found a runed translucent door.
 16552 | D:13     | Reached skill level 1 in Armour
 16813 | D:13     | Noticed Kirke
 16831 | D:13     | Killed Kirke
 17105 | D:13     | Noticed a centaur warrior
 17107 | D:13     | Killed a centaur warrior
 17158 | D:13     | Reached XP level 14. HP: 84/84 MP: 26/26
 17907 | D:13     | Found a gate to the Vaults.
 18325 | D:14     | Acquired the ring "Ifeosa" {rElec rF+ Int+2}
 18890 | D:14     | Reached XP level 15. HP: 90/90 MP: 24/28
 18906 | D:14     | Reached **** piety under Ashenzari
 18916 | D:14     | Reached skill level 10 in Short Blades
 18925 | D:14     | Found the sphere of Battle
 18998 | D:14     | Identified the quicksilver dragon scales of Generosity {rN+
                  | Will+ Int+2 Slay-4}
 19077 | D:14     | Reached skill level 15 in Dodging
 19154 | D:14     | Reached skill level 5 in Earth Magic
 19167 | D:14     | Identified the +11 long sword of Loxkar {speed, Int+3}
 19206 | D:14     | Identified the ring "Astuter" {Fire rCorr Int+3}
 20056 | D:15     | Entered Level 15 of the Dungeon
 20073 | D:14     | Reached skill level 5 in Shields
 20118 | D:14     | Learned a level 2 spell: Blink
 20363 | D:15     | Reached skill level 1 in Translocations
 20796 | D:15     | Noticed Agnes
 20798 | D:15     | Killed Agnes
 20970 | D:15     | Reached XP level 16. HP: 99/99 MP: 30/30
 21367 | D:12     | Bought an amulet of regeneration for 420 gold pieces
 21442 | Orc:1    | Entered Level 1 of the Orcish Mines
 21761 | Orc:2    | Entered Level 2 of the Orcish Mines
 22763 | Orc:1    | Found a runed translucent gate.
 22763 | Orc:1    | Found a runed translucent gate.
 22763 | Orc:1    | Found a runed translucent gate.
 22775 | Orc:1    | Noticed gb0801's ghost (journeyman DrIE)
 22789 | Orc:1    | Killed gb0801's ghost
 22817 | Orc:1    | Found an iron altar of Okawaru.
 23543 | Orc:2    | Found a staircase to the Elven Halls.
 23796 | Orc:2    | Found Racs's General Store.
 23797 | Orc:2    | Found Osmeduum's Jewellery Shop.
 23807 | Orc:2    | Found Gaofeq's Antique Armour Shop.
 23808 | Orc:2    | Found Sesis's Antique Weapon Boutique.
 24164 | D:14     | Reached ***** piety under Ashenzari
 24323 | Orc:2    | Bought a bloodstained robe for 182 gold pieces
 24323 | Orc:2    | Identified the +2 robe of Devotion {+Blink rF+ SInv} (You
                  | bought it in a shop on level 2 of the Orcish Mines)
 24397 | Elf:1    | Entered Level 1 of the Elven Halls
 24446 | Elf:1    | Found a magical portal.
 24451 | WizLab   | Entered Alistair's Party Mansion
 24667 | WizLab   | Reached skill level 10 in Evocations
 24735 | WizLab   | Noticed a deep elf sorcerer
 24737 | WizLab   | Killed a deep elf sorcerer
 24794 | WizLab   | Identified Sif Muna's Folio of the Ouroboros
 24800 | WizLab   | Acquired the ring "Migema" {rPois rN+ Will+}
 24825 | WizLab   | Noticed a deep elf sorcerer
 24827 | WizLab   | Killed a deep elf sorcerer
 24841 | WizLab   | Noticed a deep elf sorcerer
 24844 | WizLab   | Killed a deep elf sorcerer
 24845 | WizLab   | Reached XP level 17. HP: 106/106 MP: 32/32
 24878 | WizLab   | Noticed a tentacled starspawn
 24963 | Elf:2    | Found Leusty's Weapon Shop.
 25227 | Elf:2    | Found a runed translucent gate.
 25227 | Elf:2    | Found a runed translucent gate.
 25227 | Elf:2    | Found a runed translucent gate.
 25580 | Elf:2    | Noticed Saint Roka
 25585 | Elf:2    | Killed Saint Roka
 26081 | Elf:2    | Paralysed by an air elemental for 1 turns
 26253 | Elf:3    | Entered Level 3 of the Elven Halls
 26462 | Elf:3    | Found Atwop's Assorted Antiques.
 26466 | Elf:3    | Bought a scroll labelled GEOZXO FOZEUSCH for 33 gold pieces
 26466 | Elf:3    | Bought a bubbling amethyst potion for 29 gold pieces
 26466 | Elf:3    | Bought an encrusted bronze wand for 132 gold pieces
 26466 | Elf:3    | Bought a scroll of blinking for 247 gold pieces
 26550 | Elf:3    | Reached skill level 5 in Translocations
 27081 | Elf:3    | Reached XP level 18. HP: 112/112 MP: 33/33
 27100 | Elf:3    | Noticed a deep elf blademaster
 27100 | Elf:3    | Identified the +4 orcbow of Watchfulness {antimagic, rF+
                  | rN+ Dex+3}
 27102 | Elf:3    | Identified the +1 war axe "Bygaudym" {elec, ^Contam rF+++
                  | Will+ Dex+5}
 27103 | Elf:3    | Killed a deep elf blademaster
 27105 | Elf:3    | Identified the ring of Gusampim {Ice rN+++}
 27108 | Elf:3    | Noticed a deep elf master archer
 27110 | Elf:3    | Killed a deep elf master archer
 27182 | Elf:3    | Identified the +2 leather armour of Geuss {Dex+3}
 27184 | Elf:3    | Identified the Monograph on the Lithosphere and Violence
 27190 | Elf:3    | Noticed a deep elf master archer
 27190 | Elf:3    | Identified the +6 arbalest of Hafuy {heavy, rF++ Will-
                  | rCorr Str+8}
 27191 | Elf:3    | Killed a deep elf master archer
 27199 | Elf:3    | Acquired 965 gold pieces
 27261 | Elf:3    | Noticed a deep elf blademaster
 27263 | Elf:3    | Killed a deep elf blademaster
 27416 | Elf:3    | Learned a level 5 spell: Yara's Violent Unravelling
 27591 | Elf:1    | Found Siegfried's Dragon-Slaying Spoils.
 27883 | D:10     | Bought a book of the Senses for 520 gold pieces
 27889 | D:10     | Learned a level 5 spell: Silence
 27893 | D:10     | Learned a level 3 spell: Dazzling Flash
 28136 | Elf:1    | Paralysed by an air elemental for 1 turns
 28142 | Elf:1    | Paralysed by an air elemental for 1 turns
 28147 | Elf:1    | Paralysed by an air elemental for 1 turns
 28339 | Elf:1    | Acquired a +1 quick blade of electrocution
 28640 | Elf:1    | Reached skill level 5 in Conjurations
 29343 | Lair:1   | Entered Level 1 of the Lair of Beasts
 29628 | Lair:1   | Reached XP level 19. HP: 116/116 MP: 34/34
 30603 | Lair:2   | Upgraded the game from 0.32-a0-7-ge934b45 to
                  | 0.32-a0-17-gb74e046
 30915 | Lair:2   | Found a staircase to the Swamp.
 31261 | Lair:2   | Found a hole to the Spider Nest.
 32379 | Lair:4   | Found a frozen archway.
 32401 | IceCv    | Entered an ice cave
 32480 | IceCv    | Reached skill level 15 in Stealth
 32480 | IceCv    | Reached skill level 10 in Hexes
 32638 | IceCv    | Found an ancient bone altar of Kikubaaqudgha.
 32666 | IceCv    | Identified the ring "Tuetuq" {rC+ Str+6}
 33114 | Lair:4   | Reached skill level 5 in Air Magic
 34044 | Lair:5   | Entered Level 5 of the Lair of Beasts
 34146 | Lair:5   | Found a viscous altar of Jiyva.
 34146 | Lair:5   | Found a staircase to the Slime Pits.
 34307 | Lair:5   | Found a transporter.
 34307 | Lair:5   | Found a transporter.
 34308 | Lair:5   | Noticed Agrajag's ghost (journeyman FeSu)
 34387 | Lair:5   | Killed Agrajag's ghost
 35027 | Lair:5   | Found a corrupted altar of Lugonu.
 35032 | Lair:5   | Found a one-way gate to the infinite horrors of the Abyss.
 35579 | D:13     | Learned a level 1 spell: Apportation
 35608 | D:13     | Identified the +7 scimitar of Pahey {antimagic, rF+ rC+ rN+
                  | Will+}
 35608 | D:13     | Identified the ring of the Fifty Queens {rElec rN+++ Will+
                  | Str-4 Dex-2}
 35751 | D:15     | Found a staircase to the Depths.
 35764 | Depths:1 | Entered Level 1 of the Depths
 36037 | Depths:2 | Noticed a lich
 36040 | Depths:2 | Killed a lich
 36041 | Depths:2 | Reached XP level 20. HP: 122/122 MP: 31/35
 36098 | Depths:2 | Upgraded the game from 0.32-a0-17-gb74e046 to
                  | 0.32-a0-18-g89e19f1
 36409 | Depths:2 | Noticed Boris
 36546 | Depths:3 | Noticed a golden dragon
 36546 | Depths:3 | Killed a golden dragon
 36597 | Depths:3 | Found a portal to a secret trove of treasure.
 36786 | Depths:3 | You paid a toll of +3 fire dragon scales to enter a
                  | treasure trove
 36787 | Trove    | Entered a treasure trove
 36790 | Trove    | Identified the scarf of Uloun {shadows, Will+ Regen+ rCorr
                  | Dex-5}
 36791 | Trove    | Found the +3 salamander hide armour {Flames, rFlCloud rF++
                  | rC--}
 36793 | Trove    | Identified the +0 hat of Eternal Night {rF+ Str-4 Dex+4}
 36794 | Trove    | Found the +2 cloak of the Thief {*Fog Slay-2 SInv Stlth+}
 36795 | Trove    | Identified the scarf of the Pit {harm, +Inv Str+4 Dex+2}
 36796 | Trove    | Identified the +0 helmet "Imealuish" {Harm Int+4 Dex-4}
 36796 | Trove    | Identified the +2 scale mail of Temperance {*Corrode Str+5
                  | Int+3 Slay-5}
 36804 | Trove    | Identified the +2 buckler "Wehauh" {Harm Dex+2}
 36804 | Trove    | Identified the +0 cloak of Resourcefulness {rF+ Stlth+}
 36928 | Depths:3 | Identified the Volume of Striking
 36954 | Depths:3 | Reached skill level 5 in Armour
 36961 | Depths:3 | Found a one-way gate leading to the halls of Pandemonium.
 36990 | Depths:4 | Entered Level 4 of the Depths
 37156 | Depths:4 | Found a gate to the Realm of Zot.
 37156 | Depths:4 | Noticed a bone dragon
 37156 | Depths:4 | Noticed a golden dragon
 37158 | Depths:4 | Killed a golden dragon
 37203 | Depths:4 | Killed a bone dragon
 37350 | Depths:4 | Reached skill level 15 in Evocations
 37382 | Depths:4 | Got a midnight gem with 1615 turns to spare
 37411 | Depths:4 | Noticed a juggernaut
 37420 | Depths:4 | Found a transporter.
 37430 | Depths:4 | Found a transporter.
 37606 | Depths:3 | Reached XP level 21. HP: 121/122 MP: 34/36
 37737 | Depths:3 | Noticed a golden dragon
 37739 | Depths:3 | Killed a golden dragon
 37811 | Depths:2 | Reached skill level 15 in Short Blades
 38261 | Depths:1 | Found a one-way gateway to a ziggurat.
 38314 | Depths:1 | Found a hazy altar of Hepliaklqana.
 38722 | Spider:1 | Entered Level 1 of the Spider Nest
 38862 | Spider:1 | Identified the +0 chain mail "Pehyan" {Rampage Dex+5}
 40364 | Spider:2 | Noticed Arachne
 40383 | Spider:2 | Killed Arachne
 41207 | Spider:4 | Entered Level 4 of the Spider Nest
 41400 | Spider:4 | Reached XP level 22. HP: 132/132 MP: 38/38
 41674 | Spider:4 | Identified the +0 hat of Generosity {^Contam rF+++ Regen+
                  | Str-3}
 41734 | Spider:4 | Got a gossamer rune of Zot
 41765 | Spider:4 | Identified the +0 robe of Uskayaw's Indignation {rElec
                  | Int+5}
 42280 | Swamp:1  | Entered Level 1 of the Swamp
 42335 | Swamp:1  | Reached skill level 10 in Shields
 42384 | Swamp:1  | Noticed Jorgrun
 42387 | Swamp:1  | Killed Jorgrun
 42395 | Swamp:1  | Upgraded the game from 0.32-a0-18-g89e19f1 to
                  | 0.32-a0-20-ge526923
 42597 | Swamp:1  | Reached skill level 10 in Air Magic
 42944 | Swamp:2  | Found a sacrificial altar of Ru.
 44117 | Swamp:4  | Entered Level 4 of the Swamp
 44148 | Swamp:4  | Found a runed translucent door.
 44148 | Swamp:4  | Noticed hyungi's ghost (adept HOFi)
 44155 | Swamp:4  | Killed hyungi's ghost
 44530 | Swamp:4  | Identified the +2 pair of gloves "Xanyb" {Str+5}
 44530 | Swamp:4  | Noticed Nikola
 44544 | Swamp:4  | Killed Nikola
 44551 | Swamp:4  | Noticed the 27-headed Lernaean hydra
 44553 | Swamp:4  | Killed the 27-headed Lernaean hydra
 44649 | Swamp:4  | Got a decaying rune of Zot
 44786 | Swamp:4  | Reached XP level 23. HP: 131/132 MP: 40/40
 44796 | Swamp:4  | Reached XP level 24. HP: 137/137 MP: 40/40
 45430 | Slime:1  | Entered Level 1 of the Pits of Slime
 45499 | Slime:5  | Entered Level 5 of the Pits of Slime
 45829 | Slime:5  | Reached skill level 10 in Spellcasting
 46250 | Slime:5  | Noticed the Royal Jelly
 46252 | Slime:5  | Found a viscous altar of Jiyva.
 46253 | Slime:5  | Killed the Royal Jelly
 48236 | Slime:5  | Identified the ring "Abiryrph" {Fly Str+6}
 48246 | Slime:5  | Identified the Secrets of Impulse
 48248 | Slime:5  | Identified the +2 leather armour "Kaelail" {rCorr}
 48262 | Slime:5  | Identified the ring of Lablatwoe {rCorr EV+5}
 48262 | Slime:5  | Identified Ening's Quarto of the Door
 48270 | Slime:5  | Learned a level 5 spell: Irradiate
 48270 | Slime:5  | Identified the +3 hand axe of Wyrd {elec, rElec rF- rC++
                  | Str+3}
 48279 | Slime:5  | Identified the +8 falchion of the Moon {heavy, *Corrode rN+
                  | Int+3}
 48282 | Slime:5  | Identified the +10 plate armour of the Giraffatuar {Str+4}
 48283 | Slime:5  | Got a slimy rune of Zot
 48284 | Slime:5  | Identified the +7 morningstar "Juick" {antimagic, rF- rN+
                  | Dex+5}
 48297 | Slime:5  | Identified the +5 demon trident of Painful Death {freeze,
                  | rF+ Int-2 SInv}
 48838 | Vaults:1 | Entered Level 1 of the Vaults
 49199 | Vaults:1 | Identified the +9 fire dragon scales of Zufikig {rElec
                  | rPois rF++ rC-}
 49270 | Vaults:1 | Found Aghoet's Magic Scroll Emporium.
 49274 | Vaults:1 | Bought a scroll of enchant armour for 112 gold pieces
 49274 | Vaults:1 | Bought 3 scrolls of revelation for 337 gold pieces
 49274 | Vaults:1 | Bought a scroll of teleportation for 45 gold pieces
 49724 | Vaults:1 | Reached skill level 10 in Fighting
 50598 | Vaults:1 | Reached XP level 25. HP: 144/145 MP: 39/39
 50671 | Vaults:2 | Identified the +11 dagger of Context {protect, rElec rPois
                  | Will+ Dex-3}
 51132 | Vaults:2 | Reached skill level 15 in Hexes
 51802 | Vaults:2 | Found a staircase to the Crypt.
 52412 | Vaults:3 | Identified the Omnibus of Hiemal Electricity
 53158 | Vaults:3 | Identified the ring "Xaus Quz" {EV+5 Str-4 Int+7}
 53790 | Crypt:1  | Entered Level 1 of the Crypt
 53968 | Crypt:3  | Entered Level 3 of the Crypt
 54033 | Crypt:3  | Reached XP level 26. HP: 143/143 MP: 40/40
 54193 | Crypt:3  | Noticed a curse toe
 54197 | Crypt:3  | Killed a curse toe
 54217 | Crypt:3  | Identified the ring of Vuitauc {rPois rC- rN+ Str+3}
 54217 | Crypt:3  | Identified the ring "Pytanet" {rN+ Str-3 Int+4}
 54217 | Crypt:3  | Identified the ring of Dithmenos's Regard {rN+ Int-4 Dex+4}
 54397 | Crypt:3  | Noticed a dread lich
 54401 | Crypt:3  | Found the +13 scythe of Curses {drain, curses, ^Drain}
 54418 | Crypt:3  | Killed a dread lich
 54547 | Crypt:3  | Noticed an ancient lich
 54547 | Crypt:3  | Noticed a dread lich
 54549 | Crypt:3  | Killed a dread lich
 54561 | Crypt:3  | Killed an ancient lich
 54574 | Crypt:3  | Got an ivory gem with 1062 turns to spare
 54665 | Crypt:3  | Found a staircase to the Tomb.
 54669 | Tomb:1   | Entered Level 1 of the Tomb of the Ancients
 54835 | Tomb:1   | Noticed a royal mummy
 54836 | Tomb:1   | Noticed Khufu
 54837 | Tomb:1   | Killed a royal mummy
 54839 | Tomb:1   | Killed Khufu
 54912 | Tomb:1   | Noticed a royal mummy
 54915 | Tomb:1   | Killed a royal mummy
 54921 | Tomb:1   | Noticed a royal mummy
 54923 | Tomb:1   | Killed a royal mummy
 54976 | Tomb:1   | Noticed a royal mummy
 54986 | Tomb:1   | Killed a royal mummy
 55047 | Tomb:1   | Noticed a royal mummy
 55049 | Tomb:1   | Killed a royal mummy
 55055 | Tomb:1   | Noticed a royal mummy
 55058 | Tomb:1   | Killed a royal mummy
 55059 | Tomb:1   | Noticed a royal mummy
 55072 | Tomb:1   | Killed a royal mummy
 55086 | Tomb:1   | Noticed a royal mummy
 55088 | Tomb:1   | Killed a royal mummy
 55098 | Tomb:1   | Noticed a royal mummy
 55101 | Tomb:1   | Killed a royal mummy
 55109 | Tomb:1   | Noticed a royal mummy
 55118 | Tomb:1   | Killed a royal mummy
 55120 | Tomb:1   | Noticed a royal mummy
 55122 | Tomb:1   | Killed a royal mummy
 55140 | Tomb:1   | Noticed a royal mummy
 55142 | Tomb:1   | Killed a royal mummy
 55147 | Tomb:1   | Noticed a royal mummy
 55149 | Tomb:1   | Killed a royal mummy
 55152 | Tomb:1   | Noticed a royal mummy
 55154 | Tomb:1   | Killed a royal mummy
 55239 | Tomb:2   | Acquired 942 gold pieces
 55297 | Tomb:3   | Entered Level 3 of the Tomb of the Ancients
 55325 | Tomb:3   | Identified the Compilation of the Impure Mausoleum
 55327 | Tomb:3   | Identified the Omnibus of the Fluctuating Quarry
 55327 | Tomb:3   | Identified the +0 plate armour of the Equinox {rF+ Str+3}
 55327 | Tomb:3   | Found the +12 glaive of Prune {freeze, Prune}
 55358 | Tomb:3   | Identified the staff "Ruacw" {rN+ Dex-3 Hexes Necro Tloc
                  | Air}
 55360 | Tomb:3   | Identified the Quarto of Companions and Accelerants
 55462 | Tomb:3   | Identified the +4 orcbow "Utyodur" {heavy, Int+3}
 55530 | Tomb:3   | Noticed a royal mummy
 55656 | Tomb:3   | Noticed a royal mummy
 55657 | Tomb:3   | Noticed a royal mummy
 55659 | Tomb:3   | Killed a royal mummy
 55673 | Tomb:3   | Killed a royal mummy
 55680 | Tomb:3   | Noticed a royal mummy
 55681 | Tomb:3   | Got a sanguine gem with 797 turns to spare
 55697 | Tomb:3   | Noticed a royal mummy
 55698 | Tomb:3   | Killed a royal mummy
 55715 | Tomb:3   | Killed a royal mummy
 55717 | Tomb:3   | Got a golden rune of Zot
 55734 | Tomb:3   | Killed a royal mummy
 55735 | Tomb:3   | Reached XP level 27. HP: 135/155 MP: 41/41
 55906 | Tomb:1   | Noticed a royal mummy
 55907 | Tomb:1   | Killed a royal mummy
 55951 | Tomb:1   | Noticed a royal mummy
 55985 | Tomb:1   | Killed a royal mummy
 56011 | Tomb:1   | Upgraded the game from 0.32-a0-20-ge526923 to
                  | 0.32-a0-21-gdaabb59
 57680 | Vaults:5 | Entered Level 5 of the Vaults
 57680 | Vaults:5 | Identified the +2 great sword of Eternal Harmony {freeze,
                  | rElec rCorr SInv}
 58799 | Vaults:5 | Got a silver rune of Zot
 58835 | Vaults:5 | Identified the +9 kite shield of the Evening Star {rCorr
                  | Str-3 Int+5}
 58848 | Vaults:5 | Identified the staff of the Shoals {Dex+3 Necro Earth}
 59114 | Vaults:5 | Identified the +4 spear of Juasopt {elec, rElec Str-3
                  | Int+7}
 60136 | Depths:1 | Lost the midnight gem through the power of Zot.
 60312 | Depths:1 | Found a gateway to Hell.
 60655 | Zot:1    | Entered Level 1 of the Realm of Zot
 60848 | Zot:4    | Learned a level 4 spell: Passage of Golubria
 60868 | Zot:4    | You are sucked into a shaft and drop 1 floor!
 60868 | Zot:5    | Entered Level 5 of the Realm of Zot
 60871 | Zot:5    | Noticed an orb of fire
 60872 | Zot:5    | Killed an orb of fire
 60875 | Zot:5    | Noticed a Killer Klown
 60876 | Zot:5    | Killed a Killer Klown
 60877 | Zot:5    | Noticed an ancient lich
 60878 | Zot:5    | Killed an ancient lich
 60880 | Zot:5    | Noticed an orb of fire
 60880 | Zot:5    | Noticed an orb of fire
 60880 | Zot:5    | Noticed an ancient lich
 60881 | Zot:5    | Killed an orb of fire
 60883 | Zot:5    | Killed an ancient lich
 60886 | Zot:5    | Gained mutation: You do not regenerate when monsters are
                  | visible. [an orb of fire]
 60892 | Zot:5    | Killed an orb of fire
 60893 | Zot:5    | Noticed a Killer Klown
 60893 | Zot:5    | Noticed an orb of fire
 60894 | Zot:5    | Killed a Killer Klown
 60895 | Zot:5    | Killed an orb of fire
 60896 | Zot:5    | Noticed a dread lich
 60897 | Zot:5    | Killed a dread lich
 60946 | Zot:5    | Lost mutation: You do not regenerate when monsters are
                  | visible. [potion of mutation]
 60946 | Zot:5    | Gained mutation: You have a pair of small horns on your
                  | head. [potion of mutation]
 60946 | Zot:5    | Gained mutation: You have hidden genetic potential. [potion
                  | of mutation]
 60949 | Zot:5    | Got the Orb of Zot
 60997 | Zot:5    | Got a prismatic gem with 737 turns to spare
 61446 | D:5      | Noticed Akkaluykh the pandemonium lord
 61467 | D:5      | Killed Akkaluykh the pandemonium lord
 61599 | D:1      | Noticed Daimpebb the pandemonium lord
 61610 | D:$      | Escaped with the Orb!

Illustrated notes

Levels and vault maps discovered:
D:1:      eino_arrival_water_star, layout_basic, chequers_serial_rivers_small_a,
          minivault_27, hex_large, st_stairs_3
D:2:      kennysheep_big_flooded_room, layout_loops_ring
D:3:      layout_basic, tso_oasis_becter
D:4:      layout_gridville, st_stairs_5
D:5:      layout_cave_pools, fedhas_ov_isle_minmay, kennysheep_potato
D:6:      layout_layer_cave, nicolae_overflow_two_pavilions
D:7:      minmay_the_grid_four_pointed_star
          [minmay_the_grid_triangle_9x9_stretched_checkered,
          minmay_the_grid_triangle_9x9_zippers_horizontal,
          minmay_the_grid_triangle_9x9_wacky_v,
          minmay_the_grid_triangle_9x9_impossible_snake,
          minmay_the_grid_prize_trominoes], layout_rooms,
          nemelex_xobeh_ov_fountains_minmay,
          mainiacjoe_overflow_concentric_impassable,
          chequers_temple_overflow_statue_of_worship,
          minmay_temple_entry_butterflies, minmay_fractal_squares_gapless_5
D:8:      layout_basic, nicolae_overflow_crystal_walls,
          due_lair_maze_entry_diamond, enter_bailey_3
D:9:      layout_stronghold, serial_shops, shop, uniq_maurice, uniq_erica
D:10:     layout_rooms, serial_shops, nicolae_shop_waterfront,
          minmay_misc_feat_columns
D:11:     layout_basic, serial_shops, shop, minmay_statue_bubble,
          uniq_josephine, uniq_snorg
D:12:     gammafunk_boulding_lane, layout_loops_ring, orc_david_3, serial_shops,
          shop
D:13:     layout_roguey, grunt_vaults_entry_tiered, minmay_crystal_box,
          uniq_kirke
D:14:     minmay_spiral_squares, layout_stronghold, dreamdust_princess_corridor,
          drop_trap
D:15:     grunt_enter_depths_snipers, layout_irregular_city,
          amcnicky_mini_rare_corridor_liquid, serial_undead, serial_undead_e,
          serial_undead_b, serial_undead_d, serial_undead_e, uniq_agnes
Temple:   hellmonk_temple_forest_ring
Lair:1:   layout_cave_pods, serial_bayou_shore_a
Lair:2:   layout_hall_layers, alex1729_swamp_entry_worm_eleionoma,
          dummy_spider_entry, serial_forest, infiniplex_forest_clump_curved,
          infiniplex_forest_zigzag_1, infiniplex_forest_end_2,
          infiniplex_forest_clump_curved, infiniplex_forest_clump_medium
Lair:3:   layout_roguey, lemuel_fruit_fields
Lair:4:   layout_cave_pods, portal_ice_cave_entry_ice_simulacra,
          beast_lair_carwin_4, lemuel_fruit_fields
Lair:5:   hellmonk_lair_end_abyssal_woods, layout_hall_layers, slime_entry_1,
          gammafunk_ghost_hive
Swamp:1:  nicolae_swamp_wrong_neighborhood, layout_falls_marsh,
          evilmike_swamp_ruin_house_4, uniq_jorgrun
Swamp:2:  layout_basic_swamp, basic_altar, swamp_pool_3
Swamp:3:  layout_falls_marsh, evilmike_swamp_ruin_rubble_2, swamp_pool_3,
          nicolae_swamp_tree_isthmus
Swamp:4:  swamp_old_school, layout_basic_swamp, hellmonk_ghost_happy_afterlife,
          swamp_pool_1_2, lightli_tree_ring, infiniplex_staircase_pool,
          uniq_nikola
Spider:1: layout_spider_delve
Spider:2: layout_spider_delve, uniq_arachne
Spider:3: layout_spider_delve
Spider:4: spider_rune_water, spiders_nest_ghost_moth_duel
Slime:1:  layout_caves
Slime:2:  layout_caves
Slime:3:  layout_caves
Slime:4:  layout_caves
Slime:5:  slime_pit_nicolae_royal_road_to_ruin
Orc:1:    layout_caves, gammafunk_ghost_fury_of_okawaru
Orc:2:    st_orc_congregation, layout_caves, basic_altar,
          nicolae_orc_hostile_takeover, minmay_orc_temple_b
Elf:1:    minmay_elf_arrival_plus, layout_geoelf_octagon, mu_enter_wizlab_4,
          kennysheep_underground_church, grunt_ministairs_8,
          nicolae_shop_dragon_depot
Elf:2:    elven_hall_of_blades_hangedman_original [nicolae_blade_little_rooms],
          layout_geoelf_diagonals, serial_shops, shop, uniq_saint_roka
Elf:3:    elf_hall_gauntlet_narrow, layout_geoelf_octagon, serial_shops,
          shop_statue, nicolae_elf_crossing_hall
Vaults:1: nicolae_vaults_turnstiles, nicolae_vaults_sightless_eye, v_misc_19,
          nicolae_vaults_trapezoid_layered, nicolae_vaults_sesquioval_fish,
          grunt_vaults_trifunnel, ontoclasm_vaults_claustrophobia,
          nicolae_vaults_windows_and_doors_thing, vaults_room_corners,
          vaults_dpeg_encased_lava, nicolae_vaults_antechamber_and_loot_room,
          layout_vaults_omnigrid, serial_shops, nicolae_shop_crystal
Vaults:2: nicolae_vaults_frosty_reception, v_pattern_5,
          minmay_crypt_entry_vampire_xt, nicolae_vaults_wrenched,
          ontoclasm_vaults_pinch, v_rooms_4, vaults_room_octagon,
          nicolae_vaults_little_squares_4, vaults_room_door_ring, v_misc_18,
          nicolae_vaults_specimen_jars, nicolae_vaults_house_1, st_hourglassy,
          nicolae_vaults_tetromino_T_2, nicolae_vaults_border_crossing,
          layout_vaults_maze
Vaults:3: nicolae_vaults_closet_pinwheel_6, nicolae_vaults_triangles,
          nicolae_vaults_little_squares_5, nicolae_vaults_angled_halls, st_star,
          nicolae_vaults_trapezoid_3, vaults_room_hallway,
          ontoclasm_vaults_hangar, vaults_room_fours, layout_vaults_chaotic_city
Vaults:4: nicolae_vaults_fighting_squares, ontoclasm_vaults_twist,
          ontoclasm_vaults_ligature, nicolae_vaults_puzzle_piece,
          nicolae_vaults_diamond_1, ontoclasm_vaults_spin,
          hangedman_vaults_cutoff, nicolae_vaults_shelves_hall,
          hangedman_vaults_trim, ontoclasm_vaults_decontamination,
          grunt_vaults_focal, nicolae_vaults_circle_grid_b,
          hangedman_vaults_cutoff, layout_vaults_ring
Vaults:5
Crypt:1:  hangedman_screamer, layout_regular_city, grunt_megastairs_3,
          uniq_grunn
Crypt:2:  layout_gridlike, grunt_megastairs_5
Crypt:3:  david_glass_crypt, layout_chaotic_city, tomb_entry_simple_bobbens,
          uniq_margery
Tomb:1:   uniq_khufu
Tomb:2
Tomb:3
Depths:1: layout_cave_shapes, enter_ziggurat_d, wad_floor_pattern_1,
          grunt_hell_entry_dis_grunt, nicolae_hepliaklqana_hippocampus,
          serial_bayou_shore_b
Depths:2: minmay_ornate_pinched, layout_gridlike, pan_entry, nrook_campfire,
          pf_dread_powers_of_hell, kennysheep_generic_room_14, uniq_boris
Depths:3: kennysheep_oblong_rooms, layout_long_grid, pan_entry,
          nicolae_trove_entry_diagonal, grunt_mini_vestibule, abyss_entry,
          dispersion_dpeg
Depths:4: grunt_twist_and_shout, layout_honeycomb, elyvilon_altar_3,
          gammafunk_ghost_wrathful_warriors, hangedman_tar_grid_catacomb
Zot:1:    layout_gridville, grunt_megastairs_2, uniq_vv
Zot:2:    layout_gridlike, zot_minivault_2, uniq_josephina
Zot:3:    layout_concentric_octagons, regret_index_zotdec_banners
Zot:4:    layout_gridlike, uniq_parghit
Zot:5:    layout_misc_corridors

Skill      XL: |  1  2  3  4  5  6  7  8  9 10 11 12 13 14 15 16 17 18 19 20 21 22 23 24 25 26 27 |
---------------+----------------------------------------------------------------------------------+-----
Stealth        | 3 4 5 6 7 8 9 10 11 12 13 14 15 16 17 18 20 22 23 | 23.3
Short Blades   | 1 2 3 4 5 6 7 8 9 11 12 13 14 15 | 15.3
Fighting       | 1 2 3 4 5 6 7 8 9 10 11 12 14 | 14.8
Spellcasting   | 3 4 5 6 7 8 9 10 11 12 | 12.9
Hexes          | 1 2 3 4 5 6 7 8 9 10 11 12 13 14 15 17 19 | 19.6
Throwing       | 1 2 3 4 5 7 8 9 |  9.8
Ice Magic      | 1 2 3 4 |  4.0
Alchemy        | 4 5 6 7 8 9 |  9.4
Fire Magic     | 1 3 4 5 |  5.0
Evocations     | 2 4 5 6 7 9 10 11 13 14 15 16 17 18 | 18.5
Dodging        | 3 11 12 13 14 15 16 17 18 19 20 21 23 | 23.3
Air Magic      | 1 2 3 4 6 7 9 10 11 | 11.7
Conjurations   | 2 3 4 5 6 7 8 9 |  9.8
Shields        | 1 3 4 5 6 7 8 9 10 12 13 | 13.2
Earth Magic    | 2 4 5 6 7 8 9 |  9.0
Armour         | 1 3 4 5 6 7 |  7.0
Translocations | 1 3 5 |  5.7

Action                     |  1- 3 |  4- 6 |  7- 9 | 10-12 | 13-15 | 16-18 | 19-21 | 22-24 | 25-27 || total
---------------------------+-------+-------+-------+-------+-------+-------+-------+-------+-------++-------
  Melee: Short sword       |    31 |       |       |       |       |   353 |       |       |       ||   384
         Dagger            |    91 |   104 |   125 |   398 |   514 |   508 |       |       |       ||  1740
         Punch             |       |     1 |     3 |     6 |       |       |       |       |       ||    10
         Quick blade       |       |       |       |       |       |   145 |  1640 |  1315 |  2223 ||  5323
         Rapier            |       |       |       |       |       |    24 |       |       |       ||    24
         Headbutt          |       |       |       |       |       |       |       |       |    83 ||    83
  Throw: Dart              |       |       |     1 |     5 |       |     2 |     1 |       |       ||     9
         Throwing net      |       |       |       |       |       |     1 |       |       |     5 ||     6
   Cast: Sting             |    19 |     9 |    11 |     3 |       |       |       |       |       ||    42
         Ensorcelled Hiber |       |     2 |    13 |    47 |    25 |    35 |     3 |       |       ||   125
         Mephitic Cloud    |       |     1 |       |       |     4 |     4 |       |       |     2 ||    11
         Olgreb's Toxic Ra |       |       |    12 |    27 |    43 |    54 |       |       |       ||   136
         Confusing Touch   |       |       |     1 |    16 |    12 |     4 |       |       |       ||    33
         Ignite Poison     |       |       |       |    10 |    17 |    22 |       |       |       ||    49
         Passwall          |       |       |       |       |    30 |     9 |     8 |       |     6 ||    53
         Blink             |       |       |       |       |     1 |     1 |     2 |     1 |       ||     5
         Silence           |       |       |       |       |       |     2 |    28 |    15 |    40 ||    85
         Apportation       |       |       |       |       |       |       |    18 |       |     1 ||    19
         Yara's Violent Un |       |       |       |       |       |       |       |       |     1 ||     1
         Passage of Golubr |       |       |       |       |       |       |       |       |     1 ||     1
         Irradiate         |       |       |       |       |       |       |       |       |     1 ||     1
 Invoke: Curse Item        |       |       |       |     3 |     4 |     3 |     1 |     2 |     1 ||    14
         Shatter the Chain |       |       |       |       |     1 |     1 |       |     3 |       ||     5
Ability: Evoke Invisibilit |       |       |       |       |       |    14 |    10 |     5 |     9 ||    38
  Evoke: Wand              |       |       |     2 |     7 |     1 |    10 |     2 |       |       ||    22
         Tin of tremorston |       |       |       |       |       |     5 |       |       |       ||     5
    Use: Potion            |     1 |       |     2 |     1 |       |     6 |     1 |     3 |    10 ||    24
         Scroll            |       |     5 |     2 |     4 |     2 |    20 |     7 |     1 |     9 ||    50
   Stab: Sleeping          |     7 |    28 |    36 |    37 |   121 |   136 |   259 |   149 |   296 ||  1069
         Confused          |       |     1 |     1 |    12 |    20 |     8 |       |       |     2 ||    44
         Paralysed         |       |       |       |     4 |       |       |       |       |       ||     4
         Distracted        |       |       |       |     1 |     2 |     9 |    15 |    62 |    87 ||   176
         Invisible         |       |       |       |       |       |    55 |    50 |    28 |    59 ||   192
         Held in net/web   |       |       |       |       |       |     1 |       |     2 |     7 ||    10
 Armour: Robe              |    66 |    26 |    49 |       |       |       |       |       |       ||   141
         Steam dragon scal |       |       |    11 |   107 |    67 |    56 |       |       |       ||   241
         Troll leather arm |       |       |       |       |       |   131 |   134 |   107 |   106 ||   478
  Dodge: Dodged            |   115 |    57 |    86 |   231 |   184 |   556 |   567 |   450 |   522 ||  2768
  Block: Other             |       |       |    16 |    67 |       |       |       |       |       ||    83
         Reflection        |       |       |       |     1 |     1 |       |       |       |       ||     2
         Buckler           |       |       |       |    32 |   107 |   291 |   269 |   204 |   283 ||  1186

Table legend: (Time is in decaauts)
 A = Elapsed time spent in this place.
 B = Non-inter-level travel time spent in this place.
 C = Inter-level travel time spent in this place.
 D = Time resting spent in this place.
 E = Time spent auto-exploring this place.
 F = Levels seen in this place.
 G = Mean time per level.
                   A        B        C        D        E       F      G
               +--------+--------+--------+--------+--------+-----+--------+
         Total |  59644 |  54505 |   5139 |  12367 |  29699 |  63 |  946.7 |
       Dungeon |  21934 |  19598 |   2336 |   5605 |  10715 |  15 | 1462.3 |
        Temple |     21 |     13 |      8 |      0 |      0 |   1 |   21.0 |
          Lair |   5677 |   5150 |    527 |      0 |   4491 |   5 | 1135.4 |
         Swamp |   3225 |   3119 |    106 |    134 |   2446 |   4 |  806.2 |
   Spider Nest |   3361 |   3184 |    177 |    116 |   2413 |   4 |  840.2 |
    Slime Pits |   3077 |   3029 |     48 |   2026 |    515 |   5 |  615.4 |
  Orcish Mines |   2560 |   2235 |    325 |    971 |    765 |   2 | 1280.0 |
   Elven Halls |   3819 |   3422 |    397 |    420 |   1926 |   3 | 1273.0 |
        Vaults |   7626 |   7095 |    531 |    928 |   4634 |   5 | 1525.2 |
         Crypt |    924 |    829 |     95 |    260 |    290 |   3 |  308.0 |
          Tomb |   1485 |   1434 |     51 |    465 |     75 |   3 |  495.0 |
        Depths |   3605 |   3135 |    470 |    826 |    928 |   4 |  901.2 |
           Zot |    398 |    335 |     63 |     38 |      0 |   5 |   79.6 |
         Trove |    120 |    120 |      0 |      0 |      0 |   1 |  120.0 |
        Bailey |    858 |    858 |      0 |    431 |    256 |   1 |  858.0 |
      Ice Cave |    502 |    502 |      0 |      0 |    242 |   1 |  502.0 |
        Wizlab |    445 |    445 |      0 |    147 |      0 |   1 |  445.0 |
               +--------+--------+--------+--------+--------+-----+--------+

Top non-repeatable levels by time:
 Slime:5: 2976 daAuts
    D:14: 2412 daAuts
    D:13: 2113 daAuts
     D:7: 1804 daAuts
Vaults:1: 1777 daAuts
     D:8: 1764 daAuts
    D:10: 1705 daAuts
Vaults:3: 1703 daAuts
     D:9: 1532 daAuts
   Orc:2: 1530 daAuts
Vaults:5: 1507 daAuts
    D:11: 1413 daAuts
  Lair:2: 1395 daAuts
   Elf:1: 1392 daAuts
Vaults:2: 1364 daAuts
